 Dungeon Crawl Stone Soup version 0.32-a0-913-g739538afd8 (webtiles) character file.

Game seed: 90147414983619618

2445 Revguard the Trooper (level 9, -3/49 HPs)
             Began as a Vine Stalker Fighter on Apr 9, 2024.
             Was a Believer of Nemelex Xobeh.
             Engulfed by a steam dragon's steam (6 damage)
             ... on level 6 of the Dungeon.
             The game lasted 00:15:51 (4410 turns).

Revguard the Trooper (Vine Stalker Fighter)         Turns: 4410, Time: 00:15:52

Health: -3/49      AC: 14    Str: 19    XL:     9   Next: 49%
Magic:  0/13       EV:  6    Int:  8    God:    Nemelex Xobeh [**....]
Gold:   325        SH:  5    Dex: 18    Spells: 8/8 levels left

rFire   . . .        s - +4 falchion
rCold   . . .        c - +0 buckler
rNeg    . . .        k - +0 plate armour
rPois   .            t - +0 helmet
rElec   .            (no cloak)
rCorr   .            (no gloves)
SInv    +            g - +0 pair of boots
Will    +....        (no amulet) Stlth
                     (no ring)
HPRegen 1.08/turn    (no ring)
MPRegen 0.13/turn

%: clarity, guardian spirit
@: no status effects
A: fangs 3, regeneration 1, magic shield, antimagic bite, no potion heal 2, see
invisible, clarity
a: Renounce Religion, Draw Escape, Draw Destruction, Draw Summoning


You were on level 6 of the Dungeon.
You worshipped Nemelex Xobeh.
Nemelex Xobeh was pleased with you.
You visited 2 branches of the dungeon, and saw 7 of its levels.

You collected 325 gold pieces.

Inventory:

Hand Weapons
 a - a +0 long sword
 s - a +4 falchion (weapon)
Missiles
 o - a throwing net (quivered)
Armour
 b - a +0 scale mail
 c - a +0 buckler (worn)
 g - a +0 pair of boots (worn)
 k - a +0 plate armour (worn)
 t - a +0 helmet (worn)
Jewellery
 h - a +6 ring of intelligence
Scrolls
 f - a scroll of noise
 i - a scroll of poison
 l - 2 scrolls of immolation
 m - a scroll of revelation
 n - a scroll of fear {unknown}
 p - a scroll of amnesia
 q - a scroll of enchant armour
 r - a scroll of torment
 w - a scroll of fog {unknown}
 x - 2 scrolls of teleportation
Potions
 d - a potion of heal wounds {unknown}
 e - 3 potions of degeneration
 j - a potion of enlightenment
 u - a potion of magic
 v - a potion of haste {unknown}


   Skills:
 * Level 6.3 Fighting
 + Level 4.3 Long Blades
 + Level 4.4 Armour
 + Level 3.5 Dodging
 + Level 4.7 Shields
 + Level 4.0 Invocations
 + Level 3.7 Evocations


You had 8 spell levels left.
You didn't know any spells.
Your spell library contained the following spells:

 Spells                   Type           Power      Damage    Failure   Level
 Kiss of Death            Conj/Necr      0%         2d5       100%        1
 Ensorcelled Hibernation  Hex/Ice        0%         N/A       100%        2
 Confusing Touch          Hex            0%         N/A       100%        3
 Mephitic Cloud           Conj/Alch/Air  0%         N/A       100%        3
 Passwall                 Erth           0%         N/A       100%        3
 Swiftness                Air            0%         N/A       100%        3
 Dispel Undead            Necr           0%         3d6       100%        4
 Irradiate                Conj/Alch      0%         3d11      100%        5
 Summon Forest            Summ/Tloc      0%         N/A       100%        5
 Eringya's Noxious Bog    Alch           0%         4d6       100%        6
 Summon Hydra             Summ           0%         N/A       100%        7


Dungeon Overview and Level Annotations

Branches:
Dungeon (6/15)             Temple (1/1) D:6

Altars:
Cheibriados
Dithmenos
Elyvilon
Gozag
Hepliaklqana
Kikubaaqudgha
Makhleb
Nemelex Xobeh
Qazlal
Sif Muna
Trog
Vehumet
Wu Jian
Xom
Yredelemnul
Zin
The Shining One


Innate Abilities, Weirdness & Mutations

You have razor-sharp teeth.
Your natural rate of healing is unusually fast.
When hurt, damage is shared between your health and your magic reserves.
Your bite disrupts and absorbs the magic of your enemies.
Potions cannot restore your health.
You have supernaturally acute eyesight. (SInv)
You possess an exceptional clarity of mind.


Message History

You slash the steam dragon! Your bite misses the steam dragon.
The steam dragon is heavily wounded.
You are engulfed in a cloud of scalding steam.
The steam dragon bites you!
The steam dragon claws you but does no damage.
The steam dragon bites you but does no damage.
The steam dragon claws you but does no damage.
You hit the steam dragon. Your bite misses the steam dragon.
The steam dragon is heavily wounded.
The steam dragon bites you but does no damage.
The steam dragon closely misses you. The steam dragon bites you!
The steam dragon claws you but does no damage.
You hit the steam dragon.
The steam dragon is heavily wounded.
The fungus is engulfed in a cloud of scalding steam.
The fungus begins to die.
The steam dragon bites you but does no damage.
The steam dragon closely misses you. The steam dragon breathes steam at you.
The ball of steam hits you!
You slash the steam dragon!
The steam dragon is almost dead.
You are engulfed in a cloud of scalding steam.
* * * LOW HITPOINT WARNING * * *
You block the steam dragon's attack. The steam dragon barely misses you.
The steam dragon breathes steam at you. The ball of steam hits you!
* * * LOW HITPOINT WARNING * * *
You draw a card...
You have drawn the Tomb.
Walls emerge from the floor!
You are engulfed in a cloud of scalding steam.
The steam dragon breathes steam at you. The ball of steam hits you!
* * * LOW HITPOINT WARNING * * *
The steam dragon bites you but does no damage.
The steam dragon claws you but does no damage.
You draw a card...
You have drawn Velocity.
The steam dragon seems to slow down. x2
You are engulfed in a cloud of scalding steam.
You die...
Your body glows slightly and disappears.

.#........#........#...#.....#
.#........#........#...#.....#
.'........#........#...#.....#
.#........#........#...'.....#
.#..####..#........#...#...#.#
.#### ####........#...#####.#
## ###########.###..~..# .#
....~.#######~~P.P..# .#
......D@#.≈..~~.....# .#
~.~..~D##...........# .#
#########.~.≈≈PPP...# ##
########....####
####...##.####.....
#............#.....
.....≈#.#≈...........
...≈≈≈#.#≈≈≈.......÷. ..≈≈≈
#.#≈≈≈≈........


You could see 2 steam dragons.

Vanquished Creatures
  Grinder (D:4)
  Sigmund (D:4)
  A steam dragon (D:6)
  A human (D:3)
  A water moccasin (D:5)
  Duvessa (D:4)
  An ogre (D:4)
  2 phantoms
  A kobold brigand (D:3)
  2 scorpions (D:5)
  3 wights (D:6)
  Dowan (D:4)
  6 killer bees (D:5)
  A howler monkey (D:6)
  2 bombardier beetles
  A jelly (D:4)
  2 gnoll boudas
  2 orc priests (D:4)
  3 hounds
  2 iguanas (D:5)
  An iron imp (D:4)
  A human zombie (D:3)
  A sleepcap (D:5)
  4 orc wizards
  Robin (D:4)
  9 gnolls
  6 adders
  A shadow imp (D:3)
  A white imp (D:6)
  4 ribbon worms
  3 dart slugs
  18 orcs
  8 ball pythons
  5 bats
  4 endoplasms
  3 giant cockroaches
  14 goblins
  6 hobgoblins
  3 jackals (D:4)
  4 quokkas (D:1)
  2 frilled lizards
  13 kobolds
  5 rats
152 creatures vanquished.

Notes
Turn   | Place    | Note
-------+----------+-------------------------------------------
     0 | D:1      | Revguard the Vine Stalker Fighter began the quest for the
                  | Orb.
     0 | D:1      | Reached XP level 1. HP: 11/11 MP: 2/2
    52 | D:1      | Reached XP level 2. HP: 16/16 MP: 3/3
   268 | D:1      | Reached skill level 3 in Fighting
   449 | D:1      | Reached XP level 3. HP: 20/20 MP: 4/4
   449 | D:1      | Found a faded altar of an unknown god.
  1016 | D:2      | Reached XP level 4. HP: 24/24 MP: 5/5
  1049 | D:2      | Found a sparkling altar of Nemelex Xobeh.
  1054 | D:2      | Became a worshipper of Nemelex Xobeh the Trickster
  1362 | D:2      | Got the Teachings on Conflict
  1549 | D:3      | Identified the +10 trident "Ucaxis" {flame, rPois Str+4
                  | Int+3}
  1586 | D:3      | Reached skill level 1 in Invocations
  1709 | D:3      | Reached skill level 1 in Dodging
  1713 | D:3      | Reached skill level 1 in Evocations
  1713 | D:3      | Reached XP level 5. HP: 23/28 MP: 3/6
  1844 | D:3      | Noticed a kobold brigand
  1958 | D:3      | Found a runed translucent door.
  1958 | D:3      | Noticed a human
  1963 | D:3      | Found a basalt altar of Yredelemnul.
  1987 | D:3      | Killed a human
  2107 | D:3      | Killed a kobold brigand
  2108 | D:3      | Reached XP level 6. HP: 33/33 MP: 6/8
  2541 | D:4      | Noticed Dowan
  2542 | D:4      | Noticed Duvessa
  2551 | D:4      | Killed Duvessa
  2552 | D:4      | Reached skill level 4 in Fighting
  2553 | D:4      | Killed Dowan
  2554 | D:4      | Reached XP level 7. HP: 29/37 MP: 7/9
  2588 | D:4      | Reached * piety under Nemelex Xobeh
  2632 | D:4      | Noticed Grinder
  2640 | D:4      | Paralysed by Grinder for 4 turns
  2656 | D:4      | Killed Grinder
  2657 | D:4      | Gained mutation: You have razor-sharp teeth. [Vine Stalker
                  | growth]
  2657 | D:4      | Reached XP level 8. HP: 31/42 MP: 7/10
  2697 | D:4      | Found a sparkling altar of Nemelex Xobeh.
  2787 | D:4      | Noticed Robin
  2793 | D:4      | Killed Robin
  2800 | D:4      | Reached skill level 5 in Fighting
  2822 | D:4      | Found a burning altar of Makhleb.
  2980 | D:4      | Found a glowing golden altar of the Shining One.
  2981 | D:4      | Noticed Sigmund
  3055 | D:4      | Killed Sigmund
  3059 | D:4      | HP: 2/43 [poisoned by Sigmund]
  3061 | D:4      | Gained mutation: You possess an exceptional clarity of
                  | mind. [potion of mutation]
  3061 | D:4      | Gained mutation: You have supernaturally acute eyesight.
                  | (SInv) [potion of mutation]
  3064 | D:4      | HP: 1/43 [poisoned by Sigmund]
  3189 | D:5      | Entered Level 5 of the Dungeon
  3189 | D:5      | Received a gift from Nemelex Xobeh
  3259 | D:5      | HP: 2/44 [poisoned by a killer bee]
  3363 | D:5      | Reached XP level 9. HP: 20/48 MP: 12/12
  3563 | D:5      | Reached skill level 6 in Fighting
  3855 | D:6      | Received a gift from Nemelex Xobeh
  3886 | D:6      | Reached ** piety under Nemelex Xobeh
  3919 | D:6      | Found a glowing silver altar of Zin.
  4121 | D:6      | Found a staircase to the Ecumenical Temple.
  4128 | Temple   | Entered the Ecumenical Temple
  4410 | D:6      | Engulfed by a steam dragon's steam

Illustrated notes

Levels and vault maps discovered:
D:1:      dpeg_arrival_water_temple_mockup, layout_basic,
          hellmonk_ecumenical_altar_arch_garden, bh_walls_and_bars
D:2:      layout_basic, basic_altar, minmay_door_square
D:3:      cheibrodos_thug_alley, layout_loops_ring, dk_yredelemnul_ordeal
D:4:      layout_rooms, lemuel_tele_altar, mainiacjoe_overflow_six_doors_small,
          demons_altar, uniq_robin, uniq_grinder, uniq_sigmund, uniq_duvessa
D:5:      layout_rooms
D:6:      kennysheep_steamy, layout_gridville, zin_treasury,
          minmay_temple_entry_grid, grunt_decor_junction, uniq_jeremiah
Temple:   nicolae_temple_no_exploring_needed

Skill      XL: |  1  2  3  4  5  6  7  8  9 |
---------------+----------------------------+-----
Fighting       | 3 4 5 6 |  6.3
Long Blades    | 2 3 4 |  4.3
Invocations    | 1 2 3 4 |  4.0
Shields        | 3 4 |  4.7
Dodging        | 1 2 3 |  3.5
Evocations     | 1 2 3 |  3.7
Armour         | 3 4 |  4.4

Action                     |  1- 3 |  4- 6 |  7- 9 || total
---------------------------+-------+-------+-------++-------
  Melee: Long sword        |    99 |   135 |       ||   234
         Bite              |    25 |    37 |    66 ||   128
         Falchion          |       |     6 |   201 ||   207
  Throw: Throwing net      |       |       |     1 ||     1
 Invoke: Draw Escape       |       |       |     2 ||     2
         Draw Destruction  |       |       |     1 ||     1
  Evoke: Wand              |       |     2 |     8 ||    10
    Use: Potion            |     1 |       |     6 ||     7
         Scroll            |       |       |     9 ||     9
   Stab: Distracted        |       |     1 |       ||     1
 Armour: Scale mail        |    99 |   102 |   133 ||   334
         Plate armour      |       |       |    87 ||    87
  Dodge: Dodged            |    55 |    51 |   106 ||   212
  Block: Buckler           |    31 |    39 |    65 ||   135

Table legend: (Time is in decaauts)
 A = Elapsed time spent in this place.
 B = Non-inter-level travel time spent in this place.
 C = Inter-level travel time spent in this place.
 D = Time resting spent in this place.
 E = Time spent auto-exploring this place.
 F = Levels seen in this place.
 G = Mean time per level.
                   A        B        C        D        E       F      G
               +--------+--------+--------+--------+--------+-----+--------+
         Total |   4520 |   4360 |    160 |     70 |   2986 |   7 |  645.7 |
       Dungeon |   4518 |   4358 |    160 |     70 |   2986 |   6 |  753.0 |
        Temple |      1 |      1 |      0 |      0 |      0 |   1 |    1.0 |
               +--------+--------+--------+--------+--------+-----+--------+

Top non-repeatable levels by time:
     D:3: 1016 daAuts
     D:2: 846 daAuts
     D:1: 714 daAuts
     D:4: 703 daAuts
     D:5: 661 daAuts
     D:6: 575 daAuts
  Temple: 1 daAuts
